 Dungeon Crawl Stone Soup version 0.24.1-11-gbbbb2193e6 (webtiles) character file.

Game seed: 4872740053879649093, levelgen mode: deterministic

168 sking99 the Bolt Thrower (level 5, 0/32 HPs)
             Began as a Kobold Hunter on May 15, 2020.
             Was a Follower of Fedhas.
             Killed from afar by an orc wizard (6 damage)
             ... with a magic dart
             ... on level 3 of the Dungeon.
             The game lasted 00:09:18 (2687 turns).

sking99 the Bolt Thrower (Kobold Hunter)            Turns: 2687, Time: 00:09:19

Health: 0/32       AC:  5    Str: 10    XL:     5   Next: 77%
Magic:  5/5        EV: 16    Int: 13    God:    Fedhas [*.....]
Gold:   122        SH:  0    Dex: 15    Spells: 4/4 levels left

rFire    . . .     SeeInvis .   a - +1 hand crossbow
rCold    . . .     Gourm    .   (shield restricted)
rNeg     . . .     Faith    .   c - +0 leather armour
rPois    .         Spirit   .   q - +0 helmet
rElec    .         Reflect  .   (no cloak)
rCorr    .         Harm     .   k - +0 pair of gloves
MR       .....                  (no boots)
Stlth    ++........             (no amulet)
HPRegen  0.10/turn              (no ring)
MPRegen  0.09/turn              (no ring)

@: no status effects
A: small, carnivore
a: Renounce Religion


You were on level 3 of the Dungeon.
You worshipped Fedhas.
Fedhas was aware of your devotion.
You were very full.

You visited 1 branch of the dungeon, and saw 3 of its levels.

You collected 122 gold pieces.

Inventory:

Hand Weapons
 a - a +1 hand crossbow (weapon)
 b - a +0 short sword
Missiles
 d - 34 bolts (quivered)
Armour
 c - a +0 leather armour (worn)
 k - a +0 pair of gloves (worn)
 q - a +0 helmet (worn)
Scrolls
 e - 3 scrolls of identify {unknown}
 i - 3 scrolls of remove curse {unknown}
 n - 2 scrolls of enchant weapon {unknown}
 p - 2 scrolls of teleportation {unknown}
Potions
 g - a potion of degeneration {unknown}
 h - a potion of invisibility
 j - a potion of brilliance {unknown}
 l - 2 potions of curing {unknown}
 m - a potion of ambrosia {unknown}
Comestibles
 f - 7 rations
 o - 2 chunks of flesh


   Skills:
 + Level 3.5 Fighting
 * Level 6.6 Crossbows
 + Level 3.8 Dodging
 - Level 1.3 Stealth


You had 4 spell levels left.
You didn't know any spells.
Your spell library was empty.

Dungeon Overview and Level Annotations

Branches:
Dungeon (3/15)

Altars:
Cheibriados
Fedhas
Hepliaklqana
Uskayaw
Wu Jian
The Shining One


Innate Abilities, Weirdness & Mutations

You are small and have problems with some larger weapons.
You are carnivorous and can eat meat at any time.


Message History

The orc wizard burns you.
Some of the chunks of flesh in your inventory have rotted away.
The orc priest looks braver for a moment.
You see here a +0 club.
The orc wizard points at you and mumbles some strange words.
The puff of flame hits you. The orc wizard casts a spell at you.
The puff of flame hits you.
The orc priest miscasts a cantrip.
The orc priest begins to cast a cantrip, but forgets the words!
The orc wizard casts a spell.
The orc wizard flickers and vanishes!
Deactivating autopickup; reactivate with Ctrl-A.
A puff of flame appears from out of thin air!
The puff of flame hits you!
* * * LOW HITPOINT WARNING * * *
A magic dart appears from out of thin air!
The magic dart hits you.
You die...
Fedhas appreciates your contribution to the ecosystem.

.......#.......##.# #....##.....
......<#.##.....#.# #....##.....
####.....##.....#.# #....##.....
# #....(.......#.####....##.....
####.....#..##.#....##....##.....
...#.....#..##.#....+.....+...#..
##.#.....#..##.#....##....###....
...#.....#.....#.......o..###....
.....#+#...>....@.............)..
####... ..###.######......###....
.# .. #. ######## #.... .###.. #.
o. #...# .....# ... #.### .....#.
..o.#######.# # ####...
.....o....#.# # .......
#.....o.#.### .......
#.....o.#....


You could see an orc priest.

Vanquished Creatures
  An orc priest (D:3)
  An orc wizard (D:3)
  4 adders
  An adder zombie (D:2)
  2 adder skeletons (D:2)
  A dart slug (D:2)
  5 orcs (D:3)
  2 bat skeletons (D:2)
  3 giant cockroaches
  8 goblins
  4 hobgoblins
  9 jackals
  3 bats
  5 frilled lizards
  A giant cockroach zombie (D:2)
  4 kobolds
  7 rats
61 creatures vanquished.

Notes
Turn   | Place    | Note
-------+----------+-------------------------------------------
     0 | D:1      | sking99 the Kobold Hunter began the quest for the Orb.
     0 | D:1      | Reached XP level 1. HP: 12/12 MP: 1/1
   196 | D:1      | Reached skill level 5 in Crossbows
   250 | D:1      | Reached XP level 2. HP: 18/18 MP: 2/2
  1009 | D:2      | Reached XP level 3. HP: 22/22 MP: 3/3
  1157 | D:2      | Found a hazy altar of Hepliaklqana.
  1314 | D:2      | Reached XP level 4. HP: 27/27 MP: 4/4
  1343 | D:2      | Found a blossoming altar of Fedhas.
  1837 | D:2      | Became a worshipper of Fedhas Madash
  2026 | D:3      | Reached skill level 6 in Crossbows
  2026 | D:3      | Reached XP level 5. HP: 32/32 MP: 5/5
  2271 | D:3      | Found a snail-covered altar of Cheibriados.
  2400 | D:3      | Found an ornate altar of the Wu Jian Council.
  2434 | D:3      | Found a hide-covered altar of Uskayaw.
  2538 | D:3      | Found a glowing golden altar of the Shining One.
  2593 | D:3      | Reached * piety under Fedhas
  2687 | D:3      | Killed from afar by an orc wizard

Levels and vault maps discovered:
D:1:      moated_graveyard_arrival, layout_basic
D:2:      layout_basic, lemuel_doored_altar, lemuel_coloured_pillars_altar,
          serial_undead, serial_undead_a, serial_undead_e, serial_undead_b,
          serial_undead_b, first_ration, kennysheep_potato
D:3:      layout_basic, lemuel_crystal_altar, nicolae_overflow_hidden_temple,
          lemuel_round_altar, eat_drink_and_be_merry_uskayaw

Skill      XL: |  1  2  3  4 |
---------------+-------------+-----
Crossbows      | 5 6 |  6.6
Dodging        | 3 |  3.8
Fighting       | 3 |  3.5
Stealth        | |  1.3

Action                   |  1- 3 |  4- 6 || total
-------------------------+-------+-------++-------
Melee: Hand crossbow     |       |     2 ||     2
 Fire: Hand crossbow     |    52 |    99 ||   151
  Eat: Chunk             |     9 |     4 ||    13
Armor: Leather armour    |     2 |    12 ||    14
Dodge: Dodged            |     6 |    38 ||    44
